 Dungeon Crawl Stone Soup version 0.28-a0-1447-ga5a8893891 (webtiles) character file.

Game seed: 11282553945085106524

398 shadowrider38 the Changer (level 6, -12/42 HPs)
             Began as an Octopode Transmuter on Jan 10, 2022.
             Mangled by a hornet (16 damage)
             ... while paralysed by a hornet
             ... on level 4 of the Dungeon.
             The game lasted 00:07:27 (5805 turns).

shadowrider38 the Changer (Octopode Transmuter)     Turns: 5805, Time: 00:07:28

Health: -12/42     AC:  2    Str:  9    XL:     6   Next: 83%
Magic:  18/18      EV:  5    Int: 18    God:
Gold:   74         SH:  0    Dex: 17    Spells: 5/9 levels left

rFire   . . .      SeeInvis .     - Unarmed
rCold   . . .      Faith    .   (shield currently unavailable)
rNeg    . . .      Spirit   .   (helmet currently unavailable)
rPois   x          Reflect  .   c - amulet of magic regeneration
rElec   .          Harm     .   o - ring of magical power
rCorr   .          Rampage  .   (no ring)
Will    .....                   (no ring)
Stlth   ++........              (no ring)
HPRegen 0.14/turn               (no ring)
MPRegen 0.56/turn               (no ring)
                                (no ring)
                                (no ring)

@: paralysed, lethally poisoned (-12 -> -45), spider-form
A: venomous fangs, almost no armour, (amphibious), 8 rings, tiny, (camouflage
1), (gelatinous body 1), (nimble swimmer 1), (tentacles)
a: End Transformation


You were on level 4 of the Dungeon.
You were a venomous arachnid creature.
You visited 1 branch of the dungeon, and saw 5 of its levels.

You collected 74 gold pieces.

Inventory:

Hand Weapons
 l - a +0 flail
Missiles
 i - 3 throwing nets
 r - 3 curare-tipped darts
Jewellery
 c - an amulet of magic regeneration (around neck)
 o - a ring of magical power (left front leg)
Scrolls
 d - a scroll of summoning {unknown}
 e - 4 scrolls of teleportation {unknown}
 g - 3 scrolls of identify {unknown}
 h - 2 scrolls of enchant weapon {unknown}
 j - 2 scrolls of blinking {unknown}
 n - a scroll of silence {unknown}
 p - a scroll of noise {unknown}
 q - 2 scrolls of immolation {unknown}
 t - a scroll of magic mapping {unknown}
Potions
 a - a potion of heal wounds {unknown}
 b - a potion of attraction {unknown}
 f - 2 potions of lignification {unknown}
 k - a potion of might {unknown}
 m - a potion of mutation {unknown}
 s - a potion of curing {unknown}


   Skills:
 - Level 3.0 Fighting
 - Level 4.0 Dodging
 - Level 3.0 Unarmed Combat
 - Level 2.0 Spellcasting
 + Level 5.3 Transmutations


You had 5 spell levels left.
You knew the following spells:

 Your Spells              Type           Power      Damage    Failure   Level
a - Beastly Appendage     Tmut           42%        N/A       8%          1
b - Spider Form           Tmut/Pois      11%        N/A       38%         3

Your spell library contained the following spells:

 Spells                   Type           Power      Damage    Failure   Level
 Wereblood                Tmut           21%        N/A       11%         2
 Foxfire                  Conj/Fire      4%         2x1d4     38%         1
 Blink                    Tloc           2%         N/A       47%         2
 Conjure Flame            Conj/Fire      1%         6-21      69%         3
 Inner Flame              Hex/Fire       1%         N/A       69%         3
 Lesser Beckoning         Tloc           1%         N/A       69%         3
 Ice Form                 Ice/Tmut       11%        N/A       73%         4
 Flame Wave               Conj/Fire      1%         2d4       96%         4
 Manifold Assault         Tloc           1%         N/A       100%        5


Dungeon Overview and Level Annotations

Branches:
Dungeon (5/15)
 Temple: D:4-7

Altars:

Shops:
D:1 ?

Annotations:
D:4 exclusions: downstairs, hornet and 1 more exclusion


Innate Abilities, Weirdness & Mutations

You are a venomous arachnid creature.
You have poisonous fangs.
You are tiny and dextrous.
Your spellcasting is less reliable in this form.
Your armour is entirely melded.
You are incapable of wielding weapons or throwing items.
You cannot wear most types of armour.
((You are amphibious.))
You can wear up to eight rings at the same time.
((Your skin changes colour to match your surroundings (Stealth+).))
((Your rubbery body absorbs attacks. (AC +1, EV +1)))
((You are camouflaged when in or above water. (Stealth+)))
((You have tentacles for arms and can constrict up to eight enemies at once.))


Message History

You tentacle-slap the hound.
You pierce the hound, but do no damage.
Your squeeze misses the hound.
The hound is moderately wounded.
You constrict the hound. The hound misses you.
You tentacle-slap the hound.
You pierce the hound.
You squeeze the hound, but do no damage.
The hound is severely wounded.
You constrict the hound. The hound closely misses you.
A water moccasin comes into view.
You tentacle-slap the hound.
You squeeze the hound, but do no damage.
The hound is almost dead.
You constrict the hound.
You kill the hound!
There is a stone staircase leading up here.
You climb upwards.
Level annotation: exclusions: downstairs, hornet and 1 more exclusion
There is a stone staircase leading down here.
You start resting.
Your transformation is almost over.
You start resting.
Your tentacle spike disappears.
You start resting.
A hornet is nearby!
Casting: Beastly Appendage (safe; 1% risk of failure)
Confirm with . or Enter, or press ? or * to list all spells.
The spell is quite dangerous to miscast (19% risk of failure)!
Continue anyway?
You turn into a venomous arachnid creature.
You barely miss the hornet. The hornet stings you.
You are poisoned.
You suddenly lose the ability to move!
You feel very sick. The hornet barely misses you. The hornet stings you.
You are lethally poisoned!
You feel yourself slow down.
You feel yourself speed up.
* * * LOW HITPOINT WARNING * * *
You feel extremely sick. The hornet stings you!
You die...

##.......## #.........##
#..........# ###.........## ...
# #..........# #..
###..........# ###### ..#
.###.........## ###....### ..#
.###........#.###........###..#
..###......##..#s.........#..#
y.###.....####..y[........#..#
...####..## #..............#
##.## #### ##.#.#.#.#.##..#
#..## #.รท......(..#..#
##..#### ##.#.#.#.#.#..##
###...).## #..........>..#
#........# ##.#.#.#.#.#..#
.........## .............##


You could see a hornet.

Vanquished Creatures
  A scorpion (D:5)
  A hound (D:5)
  2 centaur skeletons (D:4)
  A bullfrog skeleton (D:3)
  2 iguanas
  4 gnolls
  4 adders
  5 worms
  3 dart slugs
  4 ball pythons
  8 endoplasms
  3 giant cockroaches
  7 goblins
  5 hobgoblins
  6 jackals (D:2)
  3 quokkas
  7 bats
  4 frilled lizards
  8 kobolds
  8 rats (D:1)
86 creatures vanquished.

Notes
Turn   | Place    | Note
-------+----------+-------------------------------------------
     0 | D:1      | shadowrider38 the Octopode Transmuter began the quest for
                  | the Orb.
     0 | D:1      | Reached XP level 1. HP: 13/13 MP: 3/3
   209 | D:1      | Reached XP level 2. HP: 16/19 MP: 3/5
   347 | D:1      | Found a faded altar of an unknown god.
   474 | D:1      | Found Gaudihuo's Magic Scroll Emporium.
   870 | D:1      | Reached XP level 3. HP: 22/25 MP: 4/6
  1666 | D:2      | Reached XP level 4. HP: 27/31 MP: 5/7
  1725 | D:2      | Reached skill level 3 in Transmutations
  2889 | D:2      | Reached skill level 4 in Transmutations
  3121 | D:2      | Reached XP level 5. HP: 36/36 MP: 6/8
  3499 | D:3      | Learned a level 3 spell: Spider Form
  5221 | D:5      | Entered Level 5 of the Dungeon
  5221 | D:5      | Noticed a necrophage
  5236 | D:4      | Reached XP level 6. HP: 27/42 MP: 9/9
  5468 | D:4      | Noticed a hornet
  5664 | D:4      | Noticed a black bear
  5677 | D:5      | Reached skill level 5 in Transmutations
  5757 | D:5      | Noticed a water moccasin
  5803 | D:4      | Paralysed by a hornet for 3 turns
  5805 | D:4      | Mangled by a hornet

Illustrated notes

Levels and vault maps discovered:
D:1:      onia_arrival_handbag, layout_basic, serial_shops,
          nicolae_diamond_shop, hellmonk_ecumenical_altar_slurped_away
D:2:      layout_rooms
D:3:      layout_basic, nicolae_figureground_sparkle
D:4:      layout_cave_pods, st_stairs_11, minmay_fractal_squares_5
D:5:      layout_rooms, minmay_temple_entry_butterflies, grunt_decor_clamped,
          minmay_small_thing

Skill      XL: |  1  2  3  4  5  6 |
---------------+-------------------+-----
Fighting       | 2 3 |  3.0
Transmutations | 4 5 |  5.3
Dodging        | 4 |  4.0
Unarmed Combat | |  3.0
Spellcasting   | |  2.0

Action                   |  1- 3 |  4- 6 || total
-------------------------+-------+-------++-------
Melee: Unarmed           |    87 |   144 ||   231
       Tentacles         |    21 |    32 ||    53
       Constrict         |    19 |    22 ||    41
       Kick              |    16 |    40 ||    56
       Punch             |     1 |     4 ||     5
 Cast: Beastly Appendage |    19 |    25 ||    44
       Spider Form       |       |     4 ||     4
 Stab: Sleeping          |     8 |     1 ||     9
Armor: Skin              |     4 |     6 ||    10
Dodge: Dodged            |    40 |   104 ||   144

Table legend: (Time is in decaauts)
 A = Elapsed time spent in this place.
 B = Non-inter-level travel time spent in this place.
 C = Inter-level travel time spent in this place.
 D = Time resting spent in this place.
 E = Time spent auto-exploring this place.
 F = Levels seen in this place.
 G = Mean time per level.
                   A        B        C        D        E       F      G
               +--------+--------+--------+--------+--------+-----+--------+
         Total |   5795 |   5581 |    214 |   2692 |   2074 |   5 | 1159.0 |
       Dungeon |   5795 |   5581 |    214 |   2692 |   2074 |   5 | 1159.0 |
               +--------+--------+--------+--------+--------+-----+--------+

Top non-repeatable levels by time:
     D:1: 1981 daAuts
     D:3: 1938 daAuts
     D:2: 1247 daAuts
     D:4: 528 daAuts
     D:5: 100 daAuts
